 Dungeon Crawl Stone Soup version 0.17-a0-124-gc3c9679 (console) character file.

135 Kellhus the Slasher (level 4, 0/35 HPs)
             Began as a Mummy Chaos Knight on Mar 22, 2015.
             Killed from afar by a deep elf mage (15 damage)
             ... with a shard of ice
             ... on level 4 of the Dungeon.
             The game lasted 00:03:21 (2569 turns).

Kellhus the Slasher (Mummy Chaos Knight)            Turns: 2569, Time: 00:03:23

Health: 0/35       AC:  7    Str: 16    XL:     4   Next: 97%
Magic:  4/4        EV: 11    Int: 11    God:    Xom [.*....]
Gold:   141        SH:  0    Dex: 11    Spells: 0 memorised, 3 levels left

rFire  x . .     SeeInvis .     a - +0 falchion (chaos)
rCold  + + .     Clarity  .     b - +2 leather armour
rNeg   + + +     SustAb   .     (no shield)
rPois  ∞         Gourm    .     (no helmet)
rElec  .         Spirit   .     m - +1 cloak
rCorr  .         Warding  .     (no gloves)
rMut   .         Stasis   .     (no boots)
MR     .....                    l - amulet of regeneration
Stlth  +.........               (no ring)
                                k - ring of protection from cold

@: not resistant to hostile enchantments, very unstealthy
A: no food or potions, fire vulnerability, restore body, cold resistance 1,
negative energy resistance 3, poison resistance, torment resistance, unbreathing
a: Renounce Religion


You were on level 4 of the Dungeon.
You worshipped Xom.
You were a plaything of Xom.
You were not hungry.

You visited 1 branch of the dungeon, and saw 4 of its levels.

You collected 141 gold pieces.

Inventory:

Hand weapons
 a - a +0 falchion of chaos (weapon)
Armour
 b - a +2 leather armour (worn)
 m - a +1 cloak (worn)
Jewellery
 k - a ring of protection from cold (left hand)
 l - an amulet of regeneration (around neck)
Scrolls
 c - 3 scrolls of identify {unknown}
 d - a scroll of fog {unknown}
 e - 2 scrolls of remove curse {unknown}
 f - a scroll of amnesia {unknown}
 g - a scroll of magic mapping {unknown}
 h - a scroll of random uselessness {unknown}
 i - 2 scrolls of teleportation {unknown}
 j - 2 scrolls of enchant weapon {unknown}


   Skills:
 - Level 3.0 Fighting
 + Level 4.7 Long Blades
 - Level 1.5 Armour
 - Level 0.7 Dodging


You had 3 spell levels left.
You didn't know any spells.

Dungeon Overview and Level Annotations

Branches:
Dungeon (4/15)
 Temple: D:4-7

Altars:


Innate Abilities, Weirdness & Mutations

You do not eat or drink.
Your flesh is vulnerable to fire.
Your flesh is cold resistant.
You are immune to negative energy.
Your system is resistant to poisons.
You are immune to unholy pain and torment.
You can survive without breathing.


Message History

You start waiting.
You start waiting.
The deep elf mage points at you and mumbles some strange words.
The shard of ice hits you! You partially resist.
You start resting.
The deep elf mage gestures at you while chanting.
You are frozen.
You closely miss the deep elf mage.
The deep elf mage hits you with a long sword.
You closely miss the deep elf mage. The deep elf mage barely misses you.
You barely miss the deep elf mage.
The deep elf mage gestures at you while chanting.
You are frozen.
You hit the deep elf mage but do no damage.
The deep elf mage seems to speed up.
Xom is highly amused!
The deep elf mage casts a spell at you. The shard of ice hits you!
You partially resist.
You die...
Xom cackles wildly!

#.#.#
##################.#.#
..................>#.#
............########.#
######.####.# #.# #
#.# #.########.# # #.#
#.#........# # #.#
#.#.########### # #.#
#.#.#.@.......# # #.#
#.#.#e#######.# # #.#
#.#.#.# # #.# #.#.#.#
#.# #.#.#.## # #.#..#
#.#.#..# .####(#.##.#
............#


You could see a deep elf mage.

Vanquished Creatures
  An iguana (D:4)
  5 adders
  A worm (D:3)
  An adder skeleton (D:4)
  An ooze (D:3)
  5 orcs (D:3)
  3 bat skeletons (D:4)
  7 goblins
  9 hobgoblins
  2 quokkas
  7 bats
  3 giant cockroaches
  2 giant geckos
  A giant gecko skeleton (D:4)
  A kobold (D:3)
  5 rats
54 creatures vanquished.

Notes
Turn   | Place    | Note
--------------------------------------------------------------
     0 | D:1      | Kellhus, the Mummy Chaos Knight, began the quest for the Orb.
     0 | D:1      | Reached XP level 1. HP: 18/18 MP: 1/1
    10 | D:1      | XOM: butterfly on damage
    26 | D:1      | XOM: harmless Ice miscast
   218 | D:1      | XOM: polymorph rat -> bat
   293 | D:1      | Reached XP level 2. HP: 22/24 MP: 2/2
   375 | D:1      | XOM: mild Erth miscast
   564 | D:2      | XOM: enchant monster (bad)
   680 | D:2      | XOM: noise
   708 | D:2      | XOM: harmless Summ miscast
   979 | D:2      | Reached XP level 3. HP: 19/29 MP: 3/3
  1221 | D:2      | XOM: colour smoke trail
  1452 | D:3      | Reached skill level 4 in Long Blades
  1582 | D:3      | Reached XP level 4. HP: 30/35 MP: 4/4
  2423 | D:4      | XOM: silly message
  2543 | D:4      | Noticed a deep elf mage
  2569 | D:4      | Killed from afar by a deep elf mage

Action                   |  1- 3 |  4- 6 || total
-------------------------+-------+-------++-------
Melee: Falchion          |   118 |    92 ||   210
 Stab: Petrifying        |     2 |       ||     2
